 Dungeon Crawl Stone Soup version 0.31-a0-675-g238779eb0a (webtiles) character file.

Game seed: 15681350162615858289

3997 randomguy2701 the Cleaver (level 10, -1/89 HPs)
             Began as a Hill Orc Fighter on Sept 6, 2023.
             Was a Priest of Beogh.
             Slain by a yak (5 damage)
             ... on level 8 of the Dungeon.
             The game lasted 00:10:25 (7493 turns).

randomguy2701 the Cleaver (Hill Orc Fighter)        Turns: 7493, Time: 00:10:26

Health: -1/89      AC: 13    Str: 22    XL:     10   Next: 23%
Magic:  10/10      EV: 11    Int:  8    God:    Beogh [***...]
Gold:   452        SH:  5    Dex: 12    Spells: 9/9 levels left

rFire   . . .        v - +4 hand axe
rCold   . . .        c - +0 buckler
rNeg    . . .        b - +0 scale mail
rPois   .            x - +2 hat
rElec   .            (no cloak)
rCorr   .            (no gloves)
SInv    .            h - +2 pair of boots {Fly}
Will    .....        (no amulet) Stlth
                     (no ring)
HPRegen 0.34/turn    (no ring)
MPRegen 0.12/turn

%: no passive effects
@: flying
A: no striking features
a: Renounce Religion, Smiting


You were on level 8 of the Dungeon.
You worshipped Beogh.
Beogh was most pleased with you.
You visited 1 branch of the dungeon, and saw 8 of its levels.

You collected 452 gold pieces.

Inventory:

Hand Weapons
 v - a +4 hand axe (weapon)
Armour
 b - a +0 scale mail (worn)
 c - a +0 buckler (worn)
 h - a +2 pair of boots of flying (worn)
 n - a +0 helmet
 x - a +2 hat (worn)
Wands
 a - a wand of iceblast (11)
 t - a wand of flame (14)
 u - a wand of mindburst (10)
Scrolls
 d - a scroll of brand weapon {unknown}
 f - 2 scrolls of identify {unknown}
 g - 2 scrolls of poison {unknown}
 p - a scroll of immolation {unknown}
 s - a scroll of teleportation {unknown}
 w - 2 scrolls of blinking {unknown}
Potions
 e - 5 potions of curing {unknown}
 i - 2 potions of lignification {unknown}
 j - 3 potions of haste {unknown}
 k - a potion of degeneration {unknown}
 l - a potion of attraction {unknown}
 m - 3 potions of enlightenment {unknown}
 o - a potion of cancellation {unknown}
 q - a potion of magic {unknown}
 r - a potion of ambrosia {unknown}


   Skills:
 + Level 8.3 Fighting
 + Level 12.6 Axes
 + Level 7.4 Armour
 + Level 3.3 Dodging
 + Level 1.4 Stealth
 + Level 5.9 Shields
 + Level 0.2 Evocations


You had 9 spell levels left.
You didn't know any spells.
Your spell library contained the following spells:

 Spells                   Type           Power      Damage    Failure   Level
 Shock                    Conj/Air       0%         1d3       77%         1
 Lesser Beckoning         Tloc           0%         N/A       88%         2
 Gell's Gravitas          Tloc           0%         N/A       98%         3
 Ozocubu's Armour         Ice            0%         N/A       98%         3
 Summon Guardian Golem    Hex/Summ       0%         N/A       98%         3
 Swiftness                Air            0%         N/A       98%         3
 Teleport Other           Tloc           0%         N/A       98%         3
 Airstrike                Air            0%         2d(0-16)  100%        4
 Orb of Destruction       Conj           0%         9d5       100%        7
 Ozocubu's Refrigeration  Ice            0%         4d7       100%        7
 Spellforged Servitor     Conj/Summ      0%         N/A       100%        7


Dungeon Overview and Level Annotations

Branches:
Dungeon (8/15)             Temple (0/1) D:5
   Lair: D:8-11

Altars:
Hepliaklqana
Okawaru
Yredelemnul

Shops:
D:4 *=:*   D:7 *


Message History

The yak gores you.
* * * LOW HITPOINT WARNING * * *
You closely miss the yak.
The yak is almost dead.
You hit the yak. You barely miss the yak.
The yak is almost dead.
You hit the yak. The yak closely misses you.
The yak gores you but does no damage.
You hit the yak but do no damage.
The yak is almost dead.
You slash the yak! The yak gores you but does no damage.
The yak closely misses you.
You slash the yak!
The yak is almost dead.
You slash the yak!
You kill the yak!
Beogh accepts your kill.
You slash the yak!
You kill the yak!
Beogh accepts your kill.
You slash the yak!
The yak is moderately wounded.
You hit the yak.
The yak is moderately wounded.
The yak gores you.
* * * LOW HITPOINT WARNING * * *
You barely miss the yak.
The yak is moderately wounded.
The yak barely misses you.
You hit the yak.
The yak is moderately wounded.
The yak gores you!
* * * LOW HITPOINT WARNING * * *
You hit the yak.
The yak is heavily wounded.
You slash the yak!
The yak is severely wounded.
The yak gores you.
You die...

.# #.# .... ...
#......####.#
#...........#
#...........#
...........# .#
..........# .#
#.......##########.##
#.......Y@..........#
#......##†....#...#
#......######.#...#
...........Y.#
#..(..#
.........#####
##....## ##
.........# ##....# ..
......!..# #######.#
. .........#
#.......### ..
.........#
#.........###.#


You could see a yak.

Vanquished Creatures
  Grinder (D:5)
  Sigmund (D:5)
  4 yaks (D:8)
  Menkaure (D:5)
  A water moccasin (D:7)
  An ice beast (D:6)
  Duvessa (D:4)
  3 sky beasts (D:7)
  An ogre (D:5)
  3 centaurs
  2 phantoms (D:6)
  A kobold brigand (D:4)
  3 necrophages (D:4)
  3 scorpions
  10 wights
  Dowan (D:4)
  A howler monkey (D:6)
  A human zombie (D:4)
  A bullfrog zombie (D:4)
  6 hounds
  An orc priest (D:5)
  2 gnoll boudas
  2 sleepcaps (D:5)
  Ijyb (D:4)
  7 iguanas
  An orc wizard (D:5)
  A scorpion zombie (D:4)
  A mummy (D:4)
  12 gnolls
  An adder (D:4)
  2 shadow imps (D:7)
  2 white imps
  2 ufetubi
  A worm (D:3)
  5 dart slugs
  4 orcs
  5 bats
  7 endoplasms
  2 giant cockroaches
  16 goblins
  5 hobgoblins
  7 jackals
  4 quokkas
  8 ball pythons
  3 frilled lizards
  26 kobolds
  5 rats
179 creatures vanquished.

Vanquished Creatures (others)
  An adder (D:5)
  2 gnolls (D:5)
3 creatures vanquished.

Grand Total: 182 creatures vanquished

Notes
Turn   | Place    | Note
-------+----------+-------------------------------------------
     0 | D:1      | randomguy2701 the Hill Orc Fighter began the quest for the
                  | Orb.
     0 | D:1      | Reached XP level 1. HP: 19/19 MP: 1/1
   102 | D:1      | Reached XP level 2. HP: 27/27 MP: 2/2
   117 | D:1      | Reached skill level 3 in Axes
   414 | D:1      | Reached XP level 3. HP: 33/33 MP: 3/3
  1061 | D:2      | Found a faded altar of an unknown god.
  1094 | D:2      | Reached skill level 4 in Axes
  1313 | D:2      | Reached XP level 4. HP: 40/40 MP: 4/4
  1797 | D:3      | You are sucked into a shaft and drop 3 floors!
  1882 | D:6      | Noticed an ice beast
  1914 | D:6      | Killed an ice beast
  1915 | D:6      | Reached skill level 5 in Axes
  1915 | D:6      | Reached XP level 5. HP: 35/47 MP: 5/5
  2008 | D:6      | Noticed a phantom
  2036 | D:6      | Killed a phantom
  2037 | D:6      | Reached skill level 6 in Axes
  2037 | D:6      | Reached XP level 6. HP: 50/53 MP: 6/6
  2076 | D:5      | Entered Level 5 of the Dungeon
  2076 | D:5      | Found a staircase to the Ecumenical Temple.
  2213 | D:5      | Reached skill level 1 in Dodging
  2360 | D:5      | Noticed Menkaure
  2372 | D:5      | Killed Menkaure
  2373 | D:5      | Reached skill level 5 in Fighting
  2373 | D:5      | Reached XP level 7. HP: 5/61 MP: 7/7
  2622 | D:5      | Reached skill level 7 in Axes
  2634 | D:5      | Became a worshipper of Beogh the Brigand
  2661 | D:5      | Noticed Sigmund
  2661 | D:5      | Noticed Grinder
  2662 | D:5      | Paralysed by Grinder for 5 turns
  2670 | D:5      | Killed Grinder
  2671 | D:5      | Reached skill level 5 in Armour
  2673 | D:5      | Killed Sigmund
  2674 | D:5      | Reached skill level 8 in Axes
  2674 | D:5      | Reached XP level 8. HP: 47/69 MP: 8/8
  2906 | D:6      | Reached skill level 1 in Stealth
  3301 | D:5      | Reached skill level 9 in Axes
  3748 | D:4      | Found Kieret's Assorted Antiques.
  3938 | D:4      | Found Plog's Book Emporium.
  3968 | D:4      | Noticed Ijyb
  3983 | D:4      | Killed Ijyb
  4157 | D:4      | Reached skill level 5 in Shields
  4211 | D:4      | Noticed Duvessa
  4211 | D:4      | Noticed Dowan
  4229 | D:4      | Killed Duvessa
  4229 | D:4      | Killed Dowan
  4354 | D:4      | Reached XP level 9. HP: 67/78 MP: 9/9
  4396 | D:4      | Reached * piety under Beogh
  4458 | D:4      | Reached skill level 10 in Axes
  4470 | D:4      | Found a basalt altar of Yredelemnul.
  4741 | D:4      | Found an iron altar of Okawaru.
  4923 | D:4      | Found Nialotea's Serpentskin Sales.
  4927 | D:4      | Reached ** piety under Beogh
  4937 | D:4      | Found a hazy altar of Hepliaklqana.
  5032 | D:4      | Found Uzokloug's Jewellery Shoppe.
  6150 | D:6      | Reached skill level 11 in Axes
  7112 | D:7      | Reached skill level 12 in Axes
  7112 | D:7      | Reached XP level 10. HP: 88/88 MP: 10/10
  7347 | D:7      | Found Ocumec's Mail-Order Catalogue.
  7471 | D:8      | Reached *** piety under Beogh
  7491 | D:8      | HP: 4/89 [yak (10)]
  7493 | D:8      | Slain by a yak

Illustrated notes

Levels and vault maps discovered:
D:1:      dpeg_arrival_rooms_b, layout_rooms, minmay_stone_trees_large,
          serial_bayou_pond_a
D:2:      cheibrodos_greedy_goblins, layout_basic,
          shapermc_ecumenical_altar_petra, minmay_randomly_rotated_circles
D:3:      layout_basic, solitary_fountain, kennysheep_generic_room_6
D:4:      kennysheep_kobold_camp, layout_layer_cave,
          mainiacjoe_overflow_cross_hatched, nicolae_hepliaklqana_hazy_memory,
          lemuel_mausoleum_altar_yredelemnul, serial_shops,
          nicolae_shop_real_fake_doors, shop, shop, minmay_misc_feat_tower,
          minmay_misc_feat_enclosed, guppyfry_shop_venom, uniq_duvessa,
          uniq_crazy_yiuf_cottage, uniq_ijyb
D:5:      layout_rooms, minmay_temple_entry_statues_fountains, hellmonk_no_cap,
          uniq_sigmund, uniq_grinder, uniq_menkaure
D:6:      layout_loops_cross, hex_tiny
D:7:      layout_rooms, st_stairs_7, monkooky_shop_mail_order
D:8:      layout_basic

Skill      XL: |  1  2  3  4  5  6  7  8  9 |
---------------+----------------------------+-----
Axes           | 3 4 5 6 8 9 12 | 12.6
Fighting       | 4 5 6 8 |  8.3
Armour         | 4 5 6 7 |  7.4
Shields        | 4 5 |  5.9
Dodging        | 1 2 3 |  3.3
Stealth        | 1 |  1.4
Evocations     | |  0.2

Action                     |  1- 3 |  4- 6 |  7- 9 | 10-12 || total
---------------------------+-------+-------+-------+-------++-------
  Melee: War axe           |    88 |    98 |   215 |       ||   401
         Hand axe          |       |       |   229 |    52 ||   281
 Invoke: Convert to Beogh  |       |       |     1 |       ||     1
  Evoke: Wand              |       |     2 |       |       ||     2
    Use: Potion            |       |     1 |     1 |       ||     2
   Stab: Distracted        |       |       |     1 |       ||     1
 Armour: Scale mail        |    79 |   127 |   290 |    30 ||   526
  Dodge: Dodged            |    50 |    84 |   162 |    18 ||   314
  Block: Buckler           |    16 |    27 |    94 |     5 ||   142

Table legend: (Time is in decaauts)
 A = Elapsed time spent in this place.
 B = Non-inter-level travel time spent in this place.
 C = Inter-level travel time spent in this place.
 D = Time resting spent in this place.
 E = Time spent auto-exploring this place.
 F = Levels seen in this place.
 G = Mean time per level.
                   A        B        C        D        E       F      G
               +--------+--------+--------+--------+--------+-----+--------+
         Total |   7504 |   7199 |    305 |    137 |   5707 |   8 |  938.0 |
       Dungeon |   7504 |   7199 |    305 |    137 |   5707 |   8 |  938.0 |
               +--------+--------+--------+--------+--------+-----+--------+

Top non-repeatable levels by time:
     D:4: 1704 daAuts
     D:5: 1560 daAuts
     D:6: 1082 daAuts
     D:3: 998 daAuts
     D:2: 895 daAuts
     D:1: 584 daAuts
     D:7: 583 daAuts
     D:8: 93 daAuts
